 Dungeon Crawl Stone Soup version 0.32-a0-38-gb04dd89b9b (webtiles) character file.

Game seed: 13742566085802082008

63 Newt the Shooter (level 4, -1/30 HPs)
             Began as a Kobold Hunter on Jan 23, 2024.
             Slain by a ribbon worm (8 damage)
             ... on level 3 of the Dungeon.
             The game lasted 00:01:39 (1624 turns).

Newt the Shooter (Kobold Hunter)                    Turns: 1624, Time: 00:01:40

Health: -1/30      AC:  4    Str:  8    XL:     4   Next: 30%
Magic:  4/4        EV: 14    Int: 10    God:
Gold:   24         SH:  0    Dex: 20    Spells: 3/3 levels left

rFire   . . .        a - +1 shortbow
rCold   . . .        (shield currently unavailable)
rNeg    . . .        c - +1 leather armour
rPois   .            (no helmet)
rElec   .            (no cloak)
rCorr   .            (no gloves)
SInv    .            (no boots)
Will    .....        (no amulet)
Stlth   +++          (no ring)
HPRegen 0.25/turn    (no ring)
MPRegen 0.09/turn

%: no passive effects
@: no status effects
A: small, no large weapons, nightstalker 3
a: no special abilities


You were on level 3 of the Dungeon.
You visited 1 branch of the dungeon, and saw 3 of its levels.

You collected 63 gold pieces.
You spent 39 gold pieces at shops.

Inventory:

Hand Weapons
 a - a +1 shortbow (weapon)
Armour
 c - a +1 leather armour (worn)
Wands
 k - a wand of polymorph (9)
Scrolls
 b - a scroll of butterflies
 e - 2 scrolls of immolation
 i - a scroll of teleportation
 j - a scroll of enchant armour
Potions
 d - a potion of cancellation
 f - a potion of curing
 g - a potion of haste {unknown}
 h - a potion of might {unknown}


   Skills:
 + Level 4.7 Fighting
 - Level 5.3 Ranged Weapons
 - Level 2.4 Dodging
 - Level 1.3 Stealth


You had 3 spell levels left.
You didn't know any spells.
Your spell library contained the following spells:

 Spells                   Type           Power      Damage    Failure   Level
 Stone Arrow              Conj/Erth      0%         3d7       86%         3
 Animate Armour           Summ/Erth      0%         N/A       99%         4
 Sticky Flame             Fire/Alch      0%         2d4       99%         4
 Lehudib's Crystal Spear  Conj/Erth      0%         10d2      100%        8


Dungeon Overview and Level Annotations

Branches:
Dungeon (3/15)

Altars:
Nemelex Xobeh

Shops:
D:2 !


Innate Abilities, Weirdness & Mutations

You are small and have problems with some larger weapons.
You are completely attuned to the shadows.


Message History

The stream of webbing hits you but does no damage.
You are caught in a web!
You struggle to detach yourself from the web.
The ribbon worm expels a string of sticky webbing.
The stream of webbing hits you but does no damage.
You are even more entangled.
You struggle to detach yourself from the web.
You struggle to detach yourself from the web.
The ribbon worm bites you.
The web tears apart.
The ribbon worm completely misses you.
You shoot an arrow. The arrow hits the ribbon worm.
The ribbon worm is lightly wounded.
The ribbon worm bites you. x2
You shoot an arrow. The arrow hits the ribbon worm.
The ribbon worm is moderately wounded.
The ribbon worm bites you but does no damage.
You shoot an arrow. The arrow hits the ribbon worm.
The ribbon worm is heavily wounded.
The ribbon worm misses you. x2
The ribbon worm expels a string of sticky webbing.
The stream of webbing hits you but does no damage.
You are caught in a web!
The ribbon worm attacks as it pursues you!
The ribbon worm bites you.
There is a web here.
The web tears apart.
The ribbon worm bites you.
The ribbon worm attacks as it pursues you!
The ribbon worm bites you.
* * * LOW HITPOINT WARNING * * *
The ribbon worm expels a string of sticky webbing.
The stream of webbing hits you but does no damage.
You are caught in a web!
The ribbon worm expels a string of sticky webbing.
The stream of webbing misses you.
There is a web here.
You struggle to detach yourself from the web.
The web tears apart.
The ribbon worm attacks as it pursues you!
The ribbon worm bites you!
You die...

#####. ####.....
#####.......^ ###
###.....#......
...##...#####......
......######......
###.........@......
.....########w...##
.##....##...w....# .
#..#.##........#
..##.##.##..#..[.##
........[.........#
#..##.#...........#
.##..##.#..........##
.....#.............#


You could see a ribbon worm (catching breath).

Vanquished Creatures
  2 adders (D:2)
  A ribbon worm (D:2)
  2 bats
  7 endoplasms
  3 giant cockroaches (D:1)
  A hobgoblin (D:2)
  2 jackals (D:1)
  4 quokkas
  3 ball pythons (D:1)
  A frilled lizard (D:1)
  5 kobolds
  11 rats
42 creatures vanquished.

Notes
Turn   | Place    | Note
-------+----------+-------------------------------------------
     0 | D:1      | Newt the Kobold Hunter began the quest for the Orb.
     0 | D:1      | Reached XP level 1. HP: 12/12 MP: 1/1
     1 | D:1      | Found a runed translucent door.
   125 | D:1      | Reached XP level 2. HP: 18/18 MP: 2/2
   583 | D:1      | Reached XP level 3. HP: 19/23 MP: 3/3
  1046 | D:2      | Found Zukus's Distillery.
  1059 | D:2      | Reached XP level 4. HP: 30/30 MP: 4/4
  1060 | D:2      | Bought a potion of curing for 39 gold pieces
  1086 | D:2      | Found a sparkling altar of Nemelex Xobeh.
  1537 | D:3      | Got the Precepts of Petrous Hyperthermia
  1624 | D:3      | Slain by a ribbon worm

Illustrated notes

Levels and vault maps discovered:
D:1:      dpeg_arrival_caged_fury, layout_rooms
D:2:      layout_basic, serial_shops, shop, basic_altar
D:3:      layout_rooms, nicolae_ru_great_annihilating_truth,
          ebering_ecumenical_altar_box

Skill      XL: |  1  2  3 |
---------------+----------+-----
Fighting       | 3 4 |  4.7
Ranged Weapons | |  5.3
Dodging        | |  2.4
Stealth        | |  1.3

Action                     |  1- 3 |  4- 6 || total
---------------------------+-------+-------++-------
   Fire: Shortbow          |    87 |    19 ||   106
    Use: Scroll            |     3 |     3 ||     6
 Armour: Leather armour    |    38 |    12 ||    50
  Dodge: Dodged            |    50 |     6 ||    56

Table legend: (Time is in decaauts)
 A = Elapsed time spent in this place.
 B = Non-inter-level travel time spent in this place.
 C = Inter-level travel time spent in this place.
 D = Time resting spent in this place.
 E = Time spent auto-exploring this place.
 F = Levels seen in this place.
 G = Mean time per level.
                   A        B        C        D        E       F      G
               +--------+--------+--------+--------+--------+-----+--------+
         Total |   1644 |   1629 |     15 |    443 |    970 |   3 |  548.0 |
       Dungeon |   1644 |   1629 |     15 |    443 |    970 |   3 |  548.0 |
               +--------+--------+--------+--------+--------+-----+--------+

Top non-repeatable levels by time:
     D:1: 913 daAuts
     D:2: 530 daAuts
     D:3: 200 daAuts
